 Dungeon Crawl Stone Soup version 0.21-a0-525-ga34b322 (webtiles) character file.

482 nono the Ducker (level 7, -2/41 HPs)
             Began as a Tengu Fighter on Dec 7, 2017.
             Blown up by Ijyb (17 damage)
             ... with a wand of disintegration (2)
             ... on level 4 of the Dungeon.
             The game lasted 00:07:47 (3018 turns).

nono the Ducker (Tengu Fighter)                     Turns: 3018, Time: 00:07:47

Health: -2/41      AC:  5    Str: 18    XL:     7   Next: 12%
Magic:  2/2        EV: 11    Int:  8    God:
Gold:   117        SH:  9    Dex: 14    Spells: 6/6 levels left

rFire    . . .     SeeInvis .   m - +2 dagger (antimagic)
rCold    . . .     Gourm    .   c - +0 shield
rNeg     . . .     Faith    .   l - +0 ring mail
rPois    .         Spirit   .   (helmet restricted)
rElec    .         Reflect  .   (no cloak)
rCorr    .         Harm     .   (no gloves)
MR       .....                  (boots unavailable)
Stlth    +.........             (no amulet)
HPRegen  0.13/turn              (no ring)
MPRegen  0.08/turn              (no ring)

@: no status effects
A: beak, talons 3, able to fly 1
a: Fly


You were on level 4 of the Dungeon.
You were not hungry.

You visited 1 branch of the dungeon, and saw 4 of its levels.

You collected 117 gold pieces.

Inventory:

Hand Weapons
 a - a +0 long sword
 j - a +0 mace
 m - a +2 antimagic dagger (weapon)
Missiles
 h - 93 stones (quivered)
 o - a tomahawk of dispersal
 s - 3 javelins
 z - 2 throwing nets
Armour
 b - a +0 scale mail
 c - a +0 shield (worn)
 l - a +0 ring mail (worn)
 n - a +0 large shield
 y - a +0 chain mail
 B - a +1 robe of cold resistance
Scrolls
 e - 2 scrolls of teleportation {unknown}
 g - 3 scrolls of immolation {unknown}
 i - a scroll of random uselessness {unknown}
 p - 3 scrolls of enchant weapon {unknown}
 t - 2 scrolls of identify {unknown}
 u - a scroll of enchant armour {unknown}
 x - a scroll of blinking {unknown}
Potions
 d - 2 potions of might
 k - a potion of flight {unknown}
 q - 2 potions of invisibility {unknown}
 v - a potion of degeneration {unknown}
 w - a potion of heal wounds {unknown}
Comestibles
 f - 3 bread rations
 r - 2 meat rations


   Skills:
 - Level 3.0 Fighting
 - Level 2.1 Long Blades
 + Level 4.1 Throwing
 - Level 3.5 Armour
 - Level 5.8 Dodging
 - Level 3.2 Shields


You had 6 spell levels left.
You didn't know any spells.

Dungeon Overview and Level Annotations

Branches:
Dungeon (4/15)
 Temple: D:4-7

Altars:
Elyvilon

Annotations:
D:4 Ijyb


Innate Abilities, Weirdness & Mutations

You have a beak for a mouth.
You have claws for feet.
You can fly.


Message History

Fire/throw which item? (* to show all) (? for menu, Esc to quit)
Press: ? - help, Shift-Dir - straight line, f/p - Ijyb
Aim: Ijyb, wearing a leather armour and carrying a wand of disintegration (2) (heavily wounded)
You throw a tomahawk of dispersal. The tomahawk of dispersal hits Ijyb.
Ijyb blinks!
Ijyb is severely wounded.
The hound misses you.
You puncture the hound!
The hound is severely wounded.
The hound bites you but does no damage.
You closely miss the hound. Your peck misses the hound.
The hound is severely wounded.
You block the hound's attack. x2
You hit the hound.
You kill the hound!
Your Throwing skill increases to level 4!
You hit Ijyb.
Ijyb is almost dead.
Ijyb zaps a wand.
You are blasted!
You die...

#...###.. ### .# ##.##
#### .(# #.## #.# #..#
#.##...#h ##.## #..#
#####.#.....(
#...###..###............
#.⌠.#........# #(#
#...#.##.##### #.#
##.##.##.# #g#
#....##.#######@#
#######.........#
###########


You could see Ijyb.

Vanquished Creatures
  Sigmund (D:2)
  A hound (D:4)
  3 orc wizards (D:3)
  Jessica (D:2)
  2 worker ants
  Robin (D:2)
  3 adders
  An ooze (D:2)
  2 dart slugs
  A leopard gecko (D:1)
  17 orcs
  9 bats
  3 giant cockroaches (D:3)
  9 hobgoblins
  7 kobolds
  3 frilled lizards
  10 goblins
  7 rats
81 creatures vanquished.

Notes
Turn   | Place    | Note
-------+----------+-------------------------------------------
     0 | D:1      | nono the Tengu Fighter began the quest for the Orb.
     0 | D:1      | Reached XP level 1. HP: 14/14 MP: 2/2
   217 | D:1      | Reached skill level 1 in Dodging
   372 | D:1      | Reached XP level 2. HP: 19/19 MP: 1/3
   565 | D:1      | Reached skill level 2 in Dodging
   991 | D:2      | Noticed Sigmund
   993 | D:2      | Noticed Robin
  1000 | D:2      | Killed Sigmund
  1000 | D:2      | Reached skill level 5 in Dodging
  1000 | D:2      | Reached XP level 3. HP: 13/23 MP: 1/4
  1000 | D:2      | Reached XP level 4. HP: 15/28 MP: 1/5
  1000 | D:2      | Gained mutation: You can fly. [Tengu growth]
  1000 | D:2      | Reached XP level 5. HP: 18/32 MP: 2/6
  1220 | D:2      | Killed Robin
  1270 | D:2      | Noticed Jessica
  1274 | D:2      | Killed Jessica
  1274 | D:2      | Reached XP level 6. HP: 37/37 MP: 2/7
  1597 | D:2      | Reached skill level 1 in Throwing
  2940 | D:4      | Found a white marble altar of Elyvilon.
  2971 | D:4      | Reached XP level 7. HP: 32/41 MP: 2/8
  2996 | D:4      | Noticed Ijyb
  3018 | D:4      | Blown up by Ijyb

Vault maps used:
D:1:      minmay_arrival_four_circles
D:2:      first_bread, uniq_robin, uniq_jessica, uniq_sigmund
D:4:      elyvilon_altar_1, serial_forest, infiniplex_forest_lined_room_3,
          infiniplex_forest_straight_3, infiniplex_forest_lined_3,
          infiniplex_forest_clump_tiny, infiniplex_forest_straight_4,
          infiniplex_forest_lined_3_way, infiniplex_forest_zigzag_2,
          okawaru_gym_becter, uniq_ijyb, uniq_eustachio

Skill      XL: |  1  2  3  4  5  6  7 |
---------------+----------------------+-----
Dodging        | 1 5 |  5.8
Throwing       | 3 4 |  4.1
Fighting       | |  3.0
Long Blades    | |  2.1
Armour         | |  3.5
Shields        | |  3.2

Action                   |  1- 3 |  4- 6 |  7- 9 || total
-------------------------+-------+-------+-------++-------
Melee: Long sword        |    10 |       |       ||    10
       Dagger            |    33 |   174 |    13 ||   220
       Peck              |     4 |    30 |       ||    34
       Kick              |     7 |    57 |     2 ||    66
Throw: Stone             |       |     6 |     1 ||     7
       Javelin           |       |     2 |     4 ||     6
       Tomahawk          |       |     1 |     1 ||     2
  Eat: Chunk             |       |     7 |       ||     7
Armor: Scale mail        |     2 |       |       ||     2
       Ring mail         |     5 |    35 |     4 ||    44
Dodge: Dodged            |    12 |    51 |     5 ||    68
Block: Shield            |    19 |    68 |     3 ||    90
       Rpst.: Long sword |     1 |       |       ||     1

Table legend:
 A = Spawn XP
 B = Non-spawn XP
 C = Spawn XP percentage of total XP
 D = Spawn monster count
 E = Non-spawn monster count
 F = Spawn count percentage of total count
 G = Total turns spent on level
                    A         B        C        D         E        F      G
               +---------+---------+-------+---------+---------+-------+---------
         Total |       0 |     689 |   0.0 |       0 |      81 |   0.0 |  3018
               +---------+---------+-------+---------+---------+-------+---------
           D:1 |       0 |      25 |   0.0 |       0 |      13 |   0.0 |  1176
           D:2 |       0 |     349 |   0.0 |       0 |      27 |   0.0 |   617
           D:3 |       0 |     236 |   0.0 |       0 |      38 |   0.0 |  1116
           D:4 |       0 |      79 |   0.0 |       0 |       3 |   0.0 |   109
               +---------+---------+-------+---------+---------+-------+---------
